 Dungeon Crawl Stone Soup version 0.31-a0-826-ga5cc291a1b (webtiles) character file.

Game seed: 4291666151071731439

67 qw the Shooter (level 4, 0/28 HPs)
             Began as a Gargoyle Hunter on Sept 23, 2023.
             Slain by Ijyb
             ... wielding a +0 dagger
              (2 damage)
             ... on level 3 of the Dungeon.
             The game lasted 00:00:39 (1728 turns).

qw the Shooter (Gargoyle Hunter)                    Turns: 1728, Time: 00:00:40

Health: 0/28       AC:  8    Str: 15    XL:     4   Next: 18%
Magic:  4/4        EV: 11    Int:  9    God:
Gold:   101        SH:  0    Dex: 15    Spells: 3/3 levels left

rFire   . . .        Y - +0 shortbow
rCold   . . .        (shield currently unavailable)
rNeg    + . .        a - +0 ring mail
rPois   inf          (no helmet)
rElec   +            (no cloak)
rCorr   .            (no gloves)
SInv    .            (no boots)
Will    .....        (no amulet)
Stlth   +            (no ring)
HPRegen 0.24/turn    (no ring)
MPRegen 0.09/turn

%: no passive effects
@: no status effects
A: sickness immunity, AC +3, negative energy resistance 1, electricity
resistance, torment resistance 1, petrification resistance
a: no special abilities


You were on level 3 of the Dungeon.
You visited 1 branch of the dungeon, and saw 3 of its levels.

You collected 123 gold pieces.
You spent 22 gold pieces at shops.


Innate Abilities, Weirdness & Mutations

You are immune to sickness and miasma.
Your stone body is resilient. (AC +3)
You are immune to poison.
You resist negative energy. (rN+)
You are resistant to electric shocks. (rElec)
You are resistant to unholy torment.
You are immune to petrification.


   Skills:
 - Level 3.0 Fighting
 - Level 5.2 Ranged Weapons
 + Level 0.0 Armour
 - Level 1.5 Dodging
 - Level 1.1 Stealth


You had 3 spell levels left.
You didn't know any spells.
Your spell library was empty.

Inventory:

Hand Weapons
 Y - a +0 shortbow (weapon)
Armour
 a - a +0 ring mail (worn)
Scrolls
 i - a scroll of identify
Potions
 e - a potion of cancellation
 f - a potion of might {unknown}
 g - a potion of haste {unknown}
 h - a potion of degeneration {unknown}

Dungeon Overview and Level Annotations

Branches:
Dungeon (3/15)

Altars:

Shops:
D:1 ([[?

Annotations:
D:3 Ijyb


Message History

You shoot an arrow. The arrow barely misses Ijyb.
Ijyb zaps a wand.
The bolt of light misses you.
You shoot an arrow. The arrow hits Ijyb but does no damage.
You shoot an arrow. The arrow hits Ijyb.
Ijyb is lightly wounded.
Ijyb hits you with a +0 dagger.
You shoot an arrow. The arrow closely misses Ijyb.
Ijyb barely misses you.
You shoot an arrow. The arrow closely misses Ijyb.
Ijyb hits you but does no damage.
Ijyb zaps a wand.
The bolt of light hits you.
You shoot an arrow. The arrow hits Ijyb but does no damage.
Ijyb is lightly wounded.
Ijyb screams, "Me kill you!" Ijyb hits you but does no damage.
You shoot an arrow. The arrow hits Ijyb.
Ijyb is lightly wounded.
Ijyb misses you.
You shoot an arrow. The arrow closely misses Ijyb.
Ijyb zaps a wand.
The bolt of light hits you!!
Ouch! That really hurt!
You shoot an arrow. The arrow hits Ijyb.
Ijyb is moderately wounded.
Ijyb hits you but does no damage.
You shoot an arrow. The arrow closely misses Ijyb.
Ijyb hits you but does no damage. x2
You shoot an arrow. The arrow barely misses Ijyb.
Ijyb hits you but does no damage.
You shoot an arrow. The arrow misses Ijyb.
Ijyb hits you with a +0 dagger.
You shoot an arrow. The arrow closely misses Ijyb.
Ijyb hits you but does no damage.
You shoot an arrow. The arrow closely misses Ijyb.
Ijyb screams, "Me stronger than you!" Ijyb hits you with a +0 dagger.
You shoot an arrow. The arrow hits Ijyb but does no damage.
Ijyb is moderately wounded.
Ijyb closely misses you. Ijyb hits you but does no damage.
You shoot an arrow. The arrow closely misses Ijyb.
Ijyb hits you with a +0 dagger.
You die...

#
###..#####
.......@.#
......g..#
.........#
.........#
.........#
........$#
.........#
##########


You could see Ijyb.

Vanquished Creatures
  2 adders (D:2)
  3 dart slugs
  9 bats
  2 endoplasms (D:1)
  A giant cockroach (D:2)
  A goblin (D:1)
  3 hobgoblins
  4 jackals
  A kobold (D:2)
  2 quokkas
  7 ball pythons
  4 frilled lizards
  3 rats
42 creatures vanquished.

Notes
Turn   | Place    | Note
-------+----------+-------------------------------------------
     0 | D:1      | qw the Gargoyle Hunter began the quest for the Orb.
     0 | D:1      | Reached XP level 1. HP: 12/12 MP: 1/1
     0 | D:1      | 0 ||| qw: Version: 0.3-a-83-gcd0e7d8
     0 | D:1      | 0 ||| qw: Game counter: 1860
     0 | D:1      | 0 ||| qw: Melee chars always use a shield: true
     0 | D:1      | 0 ||| qw: God list: Okawaru
     0 | D:1      | 0 ||| qw: Allow faded altars: false
     0 | D:1      | 0 ||| qw: Do Orc after clearing Dungeon:15 true
     0 | D:1      | 0 ||| qw: Do second Lair branch before Depths: true
     0 | D:1      | 0 ||| qw: Lair rune preference: random
     0 | D:1      | 0 ||| qw: Goals: Normal
     0 | D:1      | 0 ||| PLANNING D:1-11
    39 | D:1      | Reached XP level 2. HP: 7/17 MP: 2/2
   186 | D:1      | Found Warpheas's Antique Armour Emporium.
   194 | D:1      | 194 ||| SHOPLISTING pair of boots (99 gold, have 40).
   194 | D:1      | 194 ||| SHOPLISTING pair of runed boots (165 gold, have
                  | 40).
   194 | D:1      | 194 ||| SHOPLISTING ring mail (88 gold, have 40).
   194 | D:1      | 194 ||| SHOPLISTING runed helmet (165 gold, have 40).
   249 | D:1      | Found Mamah's Antique Armour Emporium.
   262 | D:1      | 262 ||| SHOPLISTING pair of boots (103 gold, have 48).
   262 | D:1      | 262 ||| SHOPLISTING ring mail (92 gold, have 48).
   318 | D:1      | Found Usemintu's Antique Weapon Boutique.
   430 | D:1      | Found Xuzaut's Magic Scroll Boutique.
   446 | D:1      | Reached XP level 3. HP: 19/21 MP: 3/3
   457 | D:1      | 457 ||| BUYING scroll of identify (22 gold).
   457 | D:1      | Bought a scroll of identify for 22 gold pieces
   457 | D:1      | 457 ||| SHOPLISTING scroll of teleportation (33 gold, have
                  | 26).
   745 | D:1      | Reached skill level 5 in Ranged Weapons
   782 | D:1      | 782 ||| READING scroll labelled IVOTAVIBIR.
   783 | D:1      | 783 ||| READING scroll labelled JIVOIKHL DAIKY.
   784 | D:1      | 784 ||| READING scroll labelled RUKHAI VAODD.
   785 | D:1      | 785 ||| DROPPING scroll of butterflies.
   815 | D:2      | 815 ||| STAIRDANCE
   903 | D:2      | Reached skill level 3 in Fighting
   917 | D:2      | Reached XP level 4. HP: 13/28 MP: 4/4
  1199 | D:2      | Found a faded altar of an unknown god.
  1466 | D:2      | 1466 ||| UPGRADING to +0 ring mail.
  1476 | D:2      | 1476 ||| DROPPING +0 leather armour.
  1477 | D:2      | 1477 ||| READING scroll labelled SUYHIA OFUC.
  1578 | D:2      | 1578 ||| READING scroll labelled RIAVURY WABROQUAB.
  1579 | D:2      | 1579 ||| DRINKING 2 fizzy green potions.
  1580 | D:2      | 1580 ||| READING 2 scrolls of identify.
  1580 | D:2      | 1580 ||| IDENTIFYING bubbling inky potion
  1581 | D:2      | 1581 ||| DROPPING potion of brilliance.
  1605 | D:3      | Noticed Ijyb
  1608 | D:3      | 1608 ||| STAIRDANCE
  1644 | D:3      | 1644 ||| STAIRDANCE
  1720 | D:3      | HP: 4/28 [Ijyb/bolt of light (20)]
  1726 | D:3      | HP: 2/28 [Ijyb/+0 dagger (3)]
  1728 | D:3      | Slain by Ijyb

Levels and vault maps discovered:
D:1:      minmay_arrival_stair_chambers, layout_basic, serial_shops,
          nicolae_shop_tiny_statue_garden, shop, shop, nicolae_shop_dealshenge,
          grunt_decor_mini_mirrors, minmay_misc_feat_tower
D:2:      cheibrodos_helix_gallery, layout_basic,
          shapermc_ecumenical_altar_mp_ritualfount,
          ebering_dispersal_statue_hall
D:3:      layout_rooms, mainiacjoe_overflow_catch_the_wave, uniq_robin,
          uniq_natasha, uniq_ijyb

Skill      XL: |  1  2  3 |
---------------+----------+-----
Ranged Weapons | 5 |  5.2
Fighting       | 3 |  3.0
Dodging        | |  1.5
Stealth        | |  1.1

Action                     |  1- 3 |  4- 6 || total
---------------------------+-------+-------++-------
   Fire: Shortbow          |    97 |    55 ||   152
    Use: Scroll            |     3 |     3 ||     6
         Potion            |       |     1 ||     1
 Armour: Leather armour    |    69 |    17 ||    86
         Ring mail         |       |    16 ||    16
  Dodge: Dodged            |    73 |    24 ||    97

Table legend:
 A = Non-vault XP
 B = Vault XP
 C = Vault XP percentage of total XP
 D = Non-vault monster count
 E = Vault monster count
 F = Vault count percentage of total count
                 A         B        C        D         E       F
            +---------+---------+-------+---------+---------+-------
      Total |      82 |      15 |  15.5 |      40 |       2 |   4.8
            +---------+---------+-------+---------+---------+-------
        D:1 |      39 |       0 |   0.0 |      22 |       0 |   0.0
        D:2 |      43 |      15 |  25.9 |      18 |       2 |  10.0
            +---------+---------+-------+---------+---------+-------
